 Dungeon Crawl Stone Soup version 0.17-b1-16-g38e0902 (webtiles) character file.

138 zarick13 the Ruffian (level 5, 0/40 HPs)
             Began as a Draconian Transmuter on Nov 3, 2015.
             Succumbed to a worker ant's poison
             ... on level 5 of the Dungeon.
             The game lasted 00:06:29 (2950 turns).

zarick13 the Ruffian (Draconian Transmuter)         Turns: 2950, Time: 00:06:29

Health: 0/40       AC:  7    Str: 13    XL:     5   Next: 1%
Magic:  8/8        EV: 12    Int: 14    God:
Gold:   86         SH:  0    Dex: 11    Spells: 2 memorised, 4 levels left

rFire  . . .     SeeInvis .       - Unarmed
rCold  . . .     Clarity  .     (armour unavailable)
rNeg   . . .     SustAt   .     (no shield)
rPois  .         Gourm    .     h - +2 hat
rElec  .         Spirit   .     (no cloak)
rCorr  .         Warding  .     (no gloves)
rMut   .         Stasis   .     (no boots)
MR     .....                    (no amulet)
Stlth  +.........               (no ring)
                                (no ring)

@: lethally poisoned (0 -> -12), not resistant to hostile enchantments, very
unstealthy
A: unfitting armour, cold-blooded, AC +5
a: no special abilities


You were on level 5 of the Dungeon.
You were hungry.

You visited 1 branch of the dungeon, and saw 5 of its levels.

You collected 86 gold pieces.

Inventory:

Hand Weapons
 j - a +0 blowgun
Missiles
 a - 12 arrows
 p - 4 curare-tipped needles
Armour
 h - a +2 hat (worn)
Wands
 i - a wand of enslavement (16)
 q - a wand of frost (24)
Scrolls
 f - a scroll of remove curse {unknown}
 k - a scroll of teleportation
 l - 2 scrolls of amnesia {unknown}
Potions
 e - a potion of might {unknown}
 m - a potion of poison {unknown}
 n - a potion of heal wounds {unknown}
 o - a potion of curing {unknown}
Books
 b - a book of Changes

   Spells                             Type                      Level
   a - Beastly Appendage              Transmutation                1
   b - Sticks to Snakes               Transmutation                2
   c - Spider Form                    Transmutation/Poison         3
   d - Ice Form                       Ice/Transmutation            4
   e - Blade Hands                    Transmutation                5
Comestibles
 c - 4 bread rations


   Skills:
 - Level 1.1 Fighting
 - Level 1.7 Dodging
 - Level 5.0 Unarmed Combat
 - Level 2.0 Spellcasting
 * Level 2.4 Transmutations
 - Level 2.0 Poison Magic


You had 4 spell levels left.
You knew the following spells:

 Your Spells              Type           Power        Failure   Level  Hunger
a - Beastly Appendage     Trmt           #.....       12%         1    ##.....
b - Spider Form           Trmt/Pois      #.........   30%         3    ####...


Dungeon Overview and Level Annotations

Branches:
Dungeon (5/15)
 Temple: D:4-7

Altars:
Ashenzari
Makhleb

Annotations:
D:4 mrpyro's ghost, amateur OpTm


Innate Abilities, Weirdness & Mutations

Your plain brown scales are hard (AC +5).
Your body does not fit into most forms of armour.
You are cold-blooded and may be slowed by cold attacks.


Message History

The worker ant poisons you!
The orc wizard gestures wildly while chanting.
The orc wizard blinks!
The orc warrior misses you.
Unknown command.
You closely miss the worker ant.
The worker ant is almost dead.
* * * LOW HITPOINT WARNING * * *
You feel sick.
The worker ant bites you but does no damage. x2
Unknown command.
Unknown command.
You closely miss the orc warrior.
* * * LOW HITPOINT WARNING * * *
You feel sick. The orc warrior barely misses you.
The orc wizard hits you but does no damage.
The worker ant completely misses you.
Unknown command.
Drink which item? (? for menu, Esc to quit)
It was a potion of cancellation.
You feel magically purged.
You die...

######..#...
...........#
#.......?..
#.........##
#....>.....#
#..........##
#...........##
#..?...a§....#
#......o@....#
#......o....##
#...........#
##..........#
#..........#
##...o..(.##
#.........#
..........#


You could see an orc warrior, a worker ant and 2 orc wizards.

Vanquished Creatures
  4 gnolls (D:3)
  4 adders
  2 oozes
  An adder skeleton (D:4)
  2 worms (D:2)
  4 giant cockroaches (D:2)
  9 goblins
  3 hobgoblins (D:3)
  4 kobolds
  2 ball pythons
  9 bats
  3 giant newts
  5 rats
52 creatures vanquished.

Notes
Turn   | Place    | Note
--------------------------------------------------------------
     0 | D:1      | zarick13 the Draconian Transmuter began the quest for the Orb.
     0 | D:1      | Reached XP level 1. HP: 16/16 MP: 3/3
  1002 | D:2      | Reached XP level 2. HP: 23/23 MP: 5/5
  1122 | D:2      | Reached skill level 4 in Unarmed Combat
  1283 | D:2      | Reached XP level 3. HP: 25/28 MP: 6/6
  1393 | D:2      | Learned a level 3 spell: Spider Form
  2079 | D:3      | Reached XP level 4. HP: 33/35 MP: 4/7
  2125 | D:3      | Found a shattered altar of Ashenzari.
  2159 | D:3      | Reached skill level 5 in Unarmed Combat
  2234 | D:3      | Reached skill level 1 in Poison Magic
  2717 | D:3      | Found a burning altar of Makhleb.
  2717 | D:3      | Noticed a balrug
  2720 | D:3      | Noticed a hellwing
  2720 | D:3      | Noticed a ynoxinul
  2752 | D:4      | Reached XP level 5. HP: 40/40 MP: 8/8
  2890 | D:4      | Noticed mrpyro's ghost (amateur OpTm)
  2935 | D:4      | HP: 2/40 [mrpyro's ghost (7)]
  2936 | D:5      | Entered Level 5 of the Dungeon
  2936 | D:5      | Noticed an orc warrior
  2948 | D:5      | HP: 2/40 [poisoned by a worker ant]
  2950 | D:5      | Succumbed to a worker ant's poison

Action                   |  1- 3 |  4- 6 || total
-------------------------+-------+-------++-------
Melee: Unarmed           |   137 |    74 ||   211
 Cast: Spider Form       |       |     3 ||     3
  Use: Scroll            |     2 |       ||     2
       Potion            |       |     2 ||     2
 Stab: Sleeping          |       |     1 ||     1
  Eat: Chunk             |     4 |     1 ||     5
       Pizza             |       |     1 ||     1
